 Dungeon Crawl Stone Soup version 0.18.1-1-g2f07953 (webtiles) character file.

9 Ptimou the Scratcher (level 2, -1/12 HPs)
             Began as a Felid Transmuter on May 7, 2016.
             Slain by a hobgoblin
             ... wielding a +0 club
              (5 damage)
             ... on level 1 of the Dungeon.
             The game lasted 00:01:30 (147 turns).

Ptimou the Scratcher (Felid Transmuter)              Turns: 147, Time: 00:01:30

Health: -1/12      AC:  1    Str:  6    XL:     2   Next: 3%
Magic:  6/6        EV: 18    Int: 14    God:
Gold:   28         SH:  0    Dex: 16    Spells: 1 memorised, 4 levels left
                                        Lives:  0   Deaths: 0

rFire  . . .     SeeInvis +       - Unarmed
rCold  . . .     Gourm    .     (armour unavailable)
rNeg   . . .     Faith    .     (shield unavailable)
rPois  .         Spirit   .     (helmet unavailable)
rElec  .         Dismiss  .     (cloak unavailable)
rCorr  .         Reflect  .     (gloves unavailable)
SustAt .         Harm     .     (boots unavailable)
MR     .....                    (no amulet)
Stlth  ++........               (no ring)
                                (no ring)

@: quick, not resistant to hostile enchantments, unstealthy
A: no armour, no weapons or thrown items, claws 1, fangs 3, see invisible,
carnivore 3, speed 1, shaggy fur 1, slow metabolism 1, sharp paws
a: no special abilities


You were on level 1 of the Dungeon.
You were not hungry.

You visited 1 branch of the dungeon, and saw 1 of its levels.

You collected 28 gold pieces.

Inventory:

Missiles
 a - 12 arrows
Scrolls
 e - a scroll of remove curse {unknown}
Potions
 d - a potion of curing
Books
 b - a book of Changes

   Spells                             Type                      Level
   a - Beastly Appendage              Transmutation                1
   b - Sticks to Snakes               Transmutation                2
   c - Spider Form                    Transmutation/Poison         3
   d - Ice Form                       Ice/Transmutation            4
   e - Blade Hands                    Transmutation                5
Comestibles
 c - 2 meat rations


   Skills:
 + Level 1.0 Fighting
 + Level 2.8 Dodging
 + Level 3.4 Unarmed Combat
 + Level 2.1 Spellcasting
 + Level 2.1 Transmutations


You had 4 spell levels left.
You knew the following spells:

 Your Spells              Type           Power        Failure   Level  Hunger
a - Beastly Appendage     Trmt           #.....       12%         1    ##.....


Dungeon Overview and Level Annotations

Branches:
Dungeon (1/15)

Altars:


Innate Abilities, Weirdness & Mutations

You cannot wear armour.
You are incapable of wielding weapons or throwing items.
You have sharp claws.
You have razor-sharp teeth.
You have supernaturally acute eyesight.
You are carnivorous and can eat meat at any time.
You cover ground quickly.
You are covered in fur (AC +1).
You have a slow metabolism.
Your sharp claws are effective at attacking unaware monsters.


Message History

You can't remove your fur, sorry.
You see here 20 stones.
Found 9 gold pieces.
A hobgoblin comes into view. It is wielding a club.
The hobgoblin shouts!
You barely miss the hobgoblin. Your bite misses the hobgoblin.
The hobgoblin hits you with a club.
A hobgoblin comes into view. It is wielding a club.
The hobgoblin shouts!
You scratch the hobgoblin.
You kill the hobgoblin!
You have reached level 2!
Found 16 gold pieces.
You see here 12 gold pieces.
You now have 28 gold pieces (gained 12).
You barely miss the hobgoblin. The hobgoblin barely misses you.
You scratch the hobgoblin. You bite the hobgoblin.
The hobgoblin is severely wounded.
The hobgoblin hits you with a club.
You die...

#.........#.###.#............
#.........#..##..####.#......
#.........#.>.......#...#....
#.........#..................
#..)....................#....
#.........#.............# ...
##..........#.##.##..##......
##.....##...................
#.######.#...@...)..#.....
#.# #.......g............
#.####.#..................
#....................#..#
#.......#......#....##...
#......###.........## ..
##......#............
#..............#...$
#..#...#<..#....


You could see a hobgoblin.

Vanquished Creatures
  2 goblins (D:1)
  3 hobgoblins (D:1)
  2 giant newts (D:1)
  A kobold (D:1)
8 creatures vanquished.

Notes
Turn   | Place    | Note
--------------------------------------------------------------
     0 | D:1      | Ptimou the Felid Transmuter began the quest for the Orb.
     0 | D:1      | Reached XP level 1. HP: 9/9 MP: 4/4
   140 | D:1      | Reached XP level 2. HP: 4/12 MP: 6/6
   147 | D:1      | Slain by a hobgoblin

Action                   || total
-------------------------++-------
Melee: Unarmed           ||    27
       Bite              ||     3
  Use: Potion            ||     2
Dodge: Dodged            ||    14
